 Dungeon Crawl Stone Soup version 0.28-a0-1117-g0bdd5ba030 (webtiles) character file.

Game seed: 2407369291566820816

732 anonymouscript the Chopper (level 7, -4/63 HPs)
             Began as a Hill Orc Cinder Acolyte on Dec 11, 2021.
             Was an Initiate of Ashenzari.
             Slain by a sky beast (5 damage)
             ... on level 6 of the Dungeon.
             The game lasted 00:22:41 (3146 turns).

anonymouscript the Chopper (HOCA)                   Turns: 3146, Time: 00:22:43

Health: -4/63      AC:  6    Str: 19    XL:     7   Next: 73%
Magic:  8/8        EV: 11    Int: 14    God:    Ashenzari [......]
Gold:   75         SH:  0    Dex:  6    Spells: 8/8 levels left

rFire   . . .      SeeInvis .   a - -1 hand axe (flame)
rCold   . . .      Faith    .   (no shield)
rNeg    . . .      Spirit   .   g - +0 ring mail
rPois   .          Reflect  .   s - +1 hat {Will+}
rElec   .          Harm     .   (no cloak)
rCorr   .          Rampage  .   (no gloves)
Will    +....                   (no boots)
Stlth   ..........              (no amulet)
HPRegen 0.20/turn               (no ring)
MPRegen 0.11/turn               (no ring)

@: on berserk cooldown, slowed, fire susceptible, very slow
A: no striking features
a: Renounce Religion, Convert to Beogh


You were on level 6 of the Dungeon.
You worshipped Ashenzari.
Ashenzari was noncommittal.
You visited 2 branches of the dungeon, and saw 7 of its levels.

You collected 75 gold pieces.

Inventory:

Hand Weapons
 a - a -1 hand axe of flaming (weapon)
 i - a +0 falchion
Missiles
 c - 15 poisoned darts (quivered)
 d - 23 arrows
 e - 21 stones
 k - 50 bolts
 l - 5 large rocks
Armour
 b - a +0 robe
 g - a +0 ring mail (worn)
 s - a +1 hat of willpower (worn)
 t - a +0 helmet
Wands
 n - a wand of mindburst (4)
 o - a wand of polymorph (9)
Scrolls
 f - a scroll of immolation {unknown}
 h - a scroll of enchant weapon {unknown}
 p - a scroll of identify
 r - 3 scrolls of magic mapping
 u - a scroll of acquirement {unknown}


   Skills:
 + Level 6.1 Fighting
 + Level 6.8 Axes
 + Level 0.8 Throwing
 + Level 3.8 Armour
 + Level 2.6 Dodging
 + Level 0.5 Stealth
 + Level 1.0 Spellcasting
 + Level 3.7 Fire Magic
 + Level 0.6 Evocations


You had 8 spell levels left.
You didn't know any spells.
Your spell library contained the following spells:

 Spells                   Type           Power      Damage    Failure   Level
 Scorch                   Fire           22%        2d6       14%         2


Dungeon Overview and Level Annotations

Branches:
Dungeon (6/15)             Temple (1/1) D:6

Altars:
Ashenzari
Cheibriados
Dithmenos
Elyvilon
Fedhas
Makhleb
Okawaru
Qazlal
Sif Muna
Trog
Uskayaw
Vehumet
Wu Jian
Xom
Yredelemnul
Zin
The Shining One


Message History

The orc warrior hits you with a +0 hand axe.
* * * LOW HITPOINT WARNING * * *
Something closely misses your wight.
Unknown command.
You hit the orc warrior. You burn the orc warrior.
The orc warrior is heavily wounded.
The orc warrior hits you with a +0 hand axe.
* * * LOW HITPOINT WARNING * * *
Something closely misses your wight.
The orc warrior hits you but does no damage.
You hit the orc warrior. You burn the orc warrior.
The orc warrior is heavily wounded.
Your wight dissolves into shadows!
Your kobold dissolves into shadows!
The orc warrior barely misses you.
An orc priest comes into view. It is wielding a +0 dagger.
The orc priest shouts, "Join the one true god or die!" (press Y on the ability menu to convert to Beogh)
You hit the orc warrior but do no damage.
The orc warrior is heavily wounded.
Your kobold dissolves into shadows!
Something hits your kobold brigand but does no damage.
The orc warrior barely misses you.
The orc warrior hits you with a +0 hand axe.
* * * LOW HITPOINT WARNING * * *
Your kobold misses something.
Unknown command.
You hit the orc warrior but do no damage.
The orc warrior is severely wounded.
You closely miss something.
You feel less wooden.
Your +1 hat of willpower unmelds from your body.
Your +0 ring mail unmelds from your body.
You feel strong-willed.
The orc warrior looks more healthy.
Your kobold dissolves into shadows!
The orc warrior hits you with a +0 hand axe.
* * * LOW HITPOINT WARNING * * *
Something hits you.
* * * LOW HITPOINT WARNING * * *
Something shocks you.
You die...

## .. .# ## .# #
<######.# #≈
........######.###
#########.......z#
#@# #o# #o# #Z#
##.# #.o# ###'###
#.....# #$⌠.⌠.# .#


You could see an orc warrior (ally target), an orc priest, an orc, a bullfrog
zombie and a friendly wight (summoned).

Vanquished Creatures
  Duvessa (D:4)
  An orc warrior (D:6)
  A sky beast (D:6)
  A bullfrog (D:6)
  A scorpion (D:4)
  Dowan (D:4)
  A hound (D:6)
  A bullfrog skeleton (D:4)
  2 iguanas
  An orc wizard (D:5)
  A hound skeleton (D:5)
  A howler monkey skeleton (D:3)
  6 adders
  An adder skeleton (D:4)
  6 orcs
  5 ball pythons
  5 bats
  An endoplasm (D:3)
  3 giant cockroaches
  2 goblins
  2 hobgoblins
  11 jackals
  4 kobolds
  2 quokkas
  A frilled lizard (D:3)
  3 rats
65 creatures vanquished.

Vanquished Creatures (others)
  35 foxfires
35 creatures vanquished.

Grand Total: 100 creatures vanquished

Notes
Turn   | Place    | Note
-------+----------+-------------------------------------------
     0 | D:1      | anonymouscript the Hill Orc Cinder Acolyte began the quest
                  | for the Orb.
     0 | D:1      | Reached XP level 1. HP: 19/19 MP: 2/2
   319 | D:1      | Found a faded altar of an unknown god.
   343 | D:1      | Reached XP level 2. HP: 20/27 MP: 3/3
   755 | D:2      | Reached XP level 3. HP: 23/33 MP: 4/4
  1247 | D:3      | Reached skill level 1 in Dodging
  1283 | D:3      | You fall into a shaft and drop 2 floors!
  1283 | D:5      | Entered Level 5 of the Dungeon
  1399 | D:4      | Noticed Duvessa
  1399 | D:4      | Noticed Dowan
  1413 | D:4      | Killed Duvessa
  1414 | D:4      | Reached skill level 5 in Axes
  1414 | D:4      | Reached skill level 1 in Armour
  1414 | D:4      | Reached XP level 4. HP: 32/41 MP: 5/5
  1414 | D:4      | Reached XP level 5. HP: 37/47 MP: 6/6
  1415 | D:4      | Killed Dowan
  1416 | D:4      | Reached skill level 5 in Fighting
  1738 | D:3      | Found a bloodstained altar of Trog.
  1749 | D:3      | Reached XP level 6. HP: 48/56 MP: 7/7
  2876 | D:5      | Noticed a naga
  2876 | D:5      | a scorpion changed into a naga
  2885 | D:6      | Noticed a sky beast
  2901 | D:6      | Noticed an orc warrior
  2903 | D:6      | Noticed a sky beast
  2914 | D:6      | Found a staircase to the Ecumenical Temple.
  2919 | D:6      | Reached XP level 7. HP: 42/62 MP: 8/8
  2924 | Temple   | Entered the Ecumenical Temple
  3095 | Temple   | Fell from the grace of Ignis
  3095 | Temple   | Became a worshipper of Ashenzari the Shackled
  3117 | D:6      | HP: 3/62 [bullfrog (6)]
  3139 | D:6      | HP: 4/94 [orc warrior (4)]
  3146 | D:6      | HP: 2/63 [orc warrior (2)]
  3146 | D:6      | Slain by a sky beast

Illustrated notes

Levels and vault maps discovered:
D:1:      mainiacjoe_arrival_reflecting_pool, layout_basic,
          chequers_ecumenical_altar_simple, minmay_pentomino_t4
D:2:      layout_basic
D:3:      layout_loops_corners, overflow_temple_1_default, ebering_ghost_sewer_f
D:4:      layout_gridville, uniq_duvessa
D:5:      layout_rooms
D:6:      minmay_recursive_quarters, layout_loops_ring,
          minmay_temple_entry_hall, minivault_10, nicolae_underground_beach
Temple:   lightli_temple_of_artemis

Skill      XL: |  1  2  3  4  5  6  7 |
---------------+----------------------+-----
Fighting       | 4 5 6 |  6.1
Dodging        | 1 2 |  2.6
Axes           | 5 6 |  6.8
Armour         | 1 2 3 |  3.8
Throwing       | |  0.8
Stealth        | |  0.5
Spellcasting   | |  1.0
Fire Magic     | |  3.7
Evocations     | |  0.6

Action                   |  1- 3 |  4- 6 |  7- 9 || total
-------------------------+-------+-------+-------++-------
Melee: Hand axe          |    95 |   122 |    24 ||   241
Throw: Dart              |       |     5 |     2 ||     7
Invok: Fiery Armour      |     2 |     2 |       ||     4
       Foxfire Swarm     |     1 |     1 |       ||     2
Evoke: Wand              |     2 |     3 |       ||     5
  Use: Potion            |       |     2 |     3 ||     5
       Scroll            |       |     1 |     2 ||     3
Armor: Robe              |     7 |       |       ||     7
       Ring mail         |    67 |    47 |     8 ||   122
       Skin              |       |       |    17 ||    17
Dodge: Dodged            |   104 |    85 |    11 ||   200

Table legend: (Time is in decaauts)
 A = Elapsed time spent in this place.
 B = Non-inter-level travel time spent in this place.
 C = Inter-level travel time spent in this place.
 D = Time resting spent in this place.
 E = Time spent auto-exploring this place.
 F = Levels seen in this place.
 G = Mean time per level.
                   A        B        C        D        E       F      G
               +--------+--------+--------+--------+--------+-----+--------+
         Total |   3154 |   3154 |      0 |    931 |    929 |   7 |  450.6 |
       Dungeon |   2974 |   2974 |      0 |    931 |    884 |   6 |  495.7 |
        Temple |    179 |    179 |      0 |      0 |     45 |   1 |  179.0 |
               +--------+--------+--------+--------+--------+-----+--------+

Top non-repeatable levels by time:
     D:4: 782 daAuts
     D:2: 671 daAuts
     D:3: 555 daAuts
     D:1: 547 daAuts
     D:5: 338 daAuts
  Temple: 179 daAuts
     D:6: 79 daAuts
